Map: Heavy Artillery LE

Players

LeBricoleur

  • Race: Terran Terran
  • Spawn Location: 1:00

Spalium

  • Race: Protoss Protoss
  • Spawn Location: 3:00

qqq - Winner!

  • Race: Zerg Zerg
  • League: Platinum
  • Spawn Location: 7:00

Massa - Winner!

  • Race: Terran Terran
  • League: Platinum
  • Spawn Location: 7:00

VOD

Have the link to the VOD?

Description

Time

  • Played on: Nov. 22, 2020, 9:07 a.m.
  • Length: 5:08
Show
View Real Time Build Order
Export as new Build Order

LeBricoleur Terran 

Build Orders:  

Get SALT Encoding   

  12  0:01  SCV  
  13  0:13  SCV  
  14  0:18  Supply Depot  
  14  0:25  SCV  
  15  0:40  SCV  
  15  0:41  Barracks  
  16  0:52  SCV  
  18  1:04  SCV  
  18  1:06  Refinery  
  18  1:08  Refinery  
  18  1:16  SCV  
  19  1:28  SCV  
  20  1:37  Bunker  
  20  1:42  Reaper  
  21  1:50  Command Center  
  21  1:59  Orbital Command  
  21  2:15  Supply Depot  
  21  2:48  Reaper  
  22  3:20  Reaper  
  23  4:21  Orbital Command  
  23  4:25  SCV  
  9  5:00  Supply Depot  
Show
View Real Time Build Order
Export as new Build Order

Spalium Protoss 

Build Orders: Double Forge 

Get SALT Encoding   

  12  0:00  Probe  
  13  0:12  Probe  
  14  0:21  Pylon  
  14  0:25  Probe  
  15  0:39  Probe  
  16  0:46  Forge  
  16  0:51  Gateway  
  16  0:55  Assimilator  
  16  0:59  Probe (Chrono Boost)  
  17  1:10  Probe (Chrono Boost)  
  18  1:25  Probe  
  19  1:37  Probe  
  20  1:40  Cybernetics Core  
  20  1:51  Nexus  
  20  2:00  Probe, Assimilator  
  21  2:10  Pylon  
  20  2:17  Protoss Ground Weapons Level 1  
  20  2:31  Warp Gate  
  20  2:33  Probe (Chrono Boost)  
  21  2:43  Probe (Chrono Boost)  
  22  2:45  Stalker (Chrono Boost)  
  23  3:03  Probe  
  20  3:15  Probe  
  20  3:25  Probe  
  21  3:28  Probe  
  22  3:37  Twilight Council  
  22  3:38  Probe  
  22  3:40  Probe  
  24  3:50  Probe  
  24  3:52  Probe, Forge  
  26  3:59  Pylon  
  26  4:02  Probe  
  27  4:04  Probe, Pylon  
  27  4:09  Gateway x2  
  28  4:10  Gateway  
  28  4:11  Gateway  
  28  4:14  Probe  
  28  4:16  Probe  
  30  4:23  Gateway  
  30  4:24  Gateway  
  30  4:26  Gateway  
  30  4:28  Probe, Gateway  
  30  4:30  Stalker  
  31  4:38  Photon Cannon  
  31  4:41  Shield Battery  
  31  4:44  Pylon  
  31  4:49  Pylon  
  31  4:50  Pylon  
  31  4:52  Pylon  
  31  4:53  Pylon  
Show
View Real Time Build Order
Export as new Build Order

qqq Zerg - Winner!

Build Orders: Hatch First 

Get SALT Encoding   

  12  0:00  Drone  
  13  0:09  Drone  
  14  0:21  Overlord  
  14  0:45  Hatchery  
  14  0:48  Drone  
  14  0:52  Drone  
  15  1:10  Drone  
  16  1:15  Spawning Pool  
  15  1:24  Drone x2  
  17  1:26  Extractor  
  16  1:34  Drone  
  17  1:46  Drone  
  18  1:50  Drone  
  19  2:05  Queen  
  19  2:07  Queen  
  23  2:11  Drone  
  23  2:12  Drone  
  23  2:14  Drone  
  26  2:16  Drone  
  26  2:22  Drone  
  28  2:26  Overlord  
  28  2:37  Overlord  
  28  2:40  Metabolic Boost  
  28  2:49  Baneling Nest  
  28  2:50  Zergling x2  
  28  2:52  Drone  
  28  2:53  Zergling x2  
  28  2:54  Zergling x2  
  31  2:59  Drone  
  32  3:08  Zergling x2  
  32  3:09  Zergling x2  
  34  3:17  Zergling x4  
  34  3:18  Zergling x4  
  38  3:20  Zergling x2  
  39  3:34  Zergling x2  
  39  3:36  Zergling x4  
  39  3:37  Zergling x4  
  44  3:42  Baneling  
  44  3:43  Baneling x3  
  44  3:48  Baneling x2  
  44  3:51  Overlord x2  
  44  3:52  Overlord  
  44  4:10  Zergling x6  
  44  4:11  Zergling x12  
  49  4:36  Zergling x4  
  49  4:37  Zergling x6  
  51  4:46  Zergling x6  
  51  4:47  Zergling x6  
Show
View Real Time Build Order
Export as new Build Order

Massa Terran - Winner!

Build Orders: Reaper Expand 

Get SALT Encoding   

  12  0:00  SCV  
  13  0:12  SCV  
  14  0:23  Supply Depot  
  14  0:24  SCV  
  15  0:45  Refinery, SCV  
  16  0:50  Barracks  
  16  0:57  SCV  
  17  1:09  SCV  
  18  1:21  SCV  
  19  1:38  Reaper  
  20  1:43  Orbital Command  
  20  1:51  Barracks  
  20  1:59  Command Center  
  20  2:10  Reaper  
  21  2:18  SCV  
  22  2:30  SCV  
  23  3:11  SCV  
  24  3:23  SCV  
  23  3:35  SCV  
  23  3:38  Barracks Tech Lab  
  24  3:47  Refinery, SCV, Command Center  
  25  3:53  Factory  
  25  3:54  Engineering Bay  
  25  3:58  Supply Depot  
  25  3:59  Orbital Command, SCV  
  26  4:06  Supply Depot  
  26  4:11  SCV  
  26  4:16  Marauder  
  29  4:23  SCV  
  30  4:30  SCV  
  31  4:34  Barracks  
  31  4:36  SCV, Barracks  
  31  4:37  Barracks  
  32  4:42  SCV  
  33  4:49  SCV  
  36  4:54  SCV  
  36  4:57  Barracks Reactor  
Tags
 
Add a new tag
Caveats
  • Supply blocks, unpowered buildings, or Contaminate may cause inaccurate times.
  • Supply counts are checked every 10 seconds.